 Dungeon Crawl Stone Soup version 0.32-a0-768-g0f6f1dd4b9 (webtiles) character file.

Game seed: 9308937605974858582

3212 ezpacito the Trooper (level 9, -14/69 HPs)
             Began as a Coglin Chaos Knight on Mar 18, 2024.
             Was a Plaything of Xom.
             Demolished by a spriggan
             ... wielding the +8 spear of Corpus Delicti {spect, rF+ rN+}
              (18 damage)
             ... on level 8 of the Dungeon.
             The game lasted 00:09:21 (7274 turns).

ezpacito the Trooper (Coglin Chaos Knight)          Turns: 7274, Time: 00:09:22

Health: -14/69     AC: 10    Str: 14 (17) XL:     9   Next: 97%
Magic:  12/13      EV: 12    Int: 11 (12) God:    Xom [..*...]
Gold:   365        SH:  0    Dex: 11 (13) Spells: 11/13 levels left

rFire   . . .        a - +3 hand axe (chaos) {Lan}
rCold   . . .        i - staff of alchemy {Wanphen}
rNeg    . . .        h - +0 steam dragon scales
rPois   +            b - +0 helmet
rElec   .            s - +1 cloak
rCorr   .            p - +0 pair of gloves
SInv    .            (no boots)
Will    +....        (amulet unavailable)
Stlth   ++           (ring unavailable)
HPRegen 0.31/turn    (ring unavailable)
MPRegen 0.13/turn    (no gizmo)

%: no passive effects
@: about to teleport, hasted, revved, very quick
A: off-hand wielding, slow wielding, warmup strikes, no jewellery, strong-willed
1, inability to read after injury 1
a: Invent Gizmo, Renounce Religion


You were on level 8 of the Dungeon.
You worshipped Xom.
You were a toy of Xom.
You visited 2 branches of the dungeon, and saw 9 of its levels.

You collected 365 gold pieces.

Inventory:

Hand Weapons
 a - a +3 hand axe of chaos (weapon) {Lan}
 o - a +0 trident {Shatu-murrim}
 D - a +0 war axe
Missiles
 c - 16 darts of dispersal
 e - a curare-tipped dart
 m - 7 poisoned darts (quivered)
Armour
 b - a +0 helmet (worn)
 h - +0 steam dragon scales (worn)
 p - a +0 pair of gloves (worn)
 s - a +1 cloak (worn)
 B - a +0 plate armour
Magical Staves
 i - a staff of alchemy (offhand) {Wanphen}
Talismans
 j - a flux talisman
 r - a beast talisman
Wands
 k - a wand of iceblast (12)
 q - a wand of flame (12)
 v - a wand of mindburst (7)
 E - a wand of polymorph (11)
Scrolls
 d - a scroll of poison
 f - a scroll of enchant armour {unknown}
 l - a scroll of vulnerability
 n - a scroll of blinking {unknown}
 w - 2 scrolls of revelation
Potions
 z - a potion of brilliance
 C - a potion of enlightenment


   Skills:
 * Level 6.2 Fighting
 * Level 6.1(6.6) Axes
 + Level 3.2(4.8) Polearms
 * Level 5.2 Armour
 * Level 4.8 Dodging
 + Level 3.3 Stealth
 + Level 2.6 Spellcasting
 + Level 1.3 Necromancy
 + Level 3.6 Alchemy
 + Level 3.9 Evocations


You had 11 spell levels left.
You knew the following spells:

 Your Spells              Type           Power      Damage    Failure   Level
a - Cigotuvi's Dreadful   Necr/Alch/Air  14%        N/A       22%         2

Your spell library contained the following spells:

 Spells                   Type           Power      Damage    Failure   Level
 Apportation              Tloc           2%         N/A       26%         1
 Slow                     Hex            4%         N/A       26%         1
 Momentum Strike          Conj/Tloc      2%         3d8       38%         2
 Call Canine Familiar     Summ           1%         N/A       63%         3
 Dazzling Flash           Conj/Hex       2%         N/A       63%         3
 Inner Flame              Hex/Fire       1%         N/A       63%         3
 Sigil of Binding         Hex            1%         N/A       63%         3
 Ignite Poison            Fire/Alch      8%         N/A       78%         4
 Sticky Flame             Fire/Alch      8%         2d4       78%         4
 Dimensional Bullseye     Hex/Tloc       0%         N/A       95%         4
 Flame Wave               Conj/Fire      1%         2d4       95%         4
 Freezing Cloud           Conj/Ice/Air   0%         6-21      100%        5
 Starburst                Conj/Fire      0%         6d3       100%        6
 Maxwell's Capacitive Co  Air            0%         ∞         100%        8


Dungeon Overview and Level Annotations

Branches:
Dungeon (8/15)             Temple (1/1) D:5
   Lair: D:8-11

Altars:
Ashenzari
Cheibriados
Dithmenos
Elyvilon
Fedhas
Gozag
Hepliaklqana
Kikubaaqudgha
Makhleb
Nemelex Xobeh
Okawaru
Qazlal
Ru
Sif Muna
Trog
Uskayaw
Vehumet
Wu Jian
Xom
Yredelemnul
Zin
The Shining One

Annotations:
D:8 soul19's ghost, novice DsSh
Temple 2 transporters


Innate Abilities, Weirdness & Mutations

You can wield a second weapon in your off-hand.
It takes a long time for you to wield or remove held weapons.
Your first few attacks do less damage.
You cannot equip rings or amulets.
You are strong-willed. (Will+)
You occasionally lose the ability to read scrolls when taking damage.


Message History

You slash the black bear with your +3 hand axe of chaos!
You kill the black bear!
The spriggan misses you.
You feel your dexterity returning.
The spriggan hits you from afar with the +8 spear of Corpus Delicti!
There is an open translucent door, spattered with blood here.
Things that are here:
a black bear corpse; a wolf corpse You take 15 damage, and have 26/69 hp.
MASSIVE DAMAGE!!
You barely miss the spriggan with your +3 hand axe of chaos.
You miss the spriggan with your staff of alchemy.
The spriggan barely misses you.
You slash the spriggan with your +3 hand axe of chaos!
The spriggan is heavily wounded.
You hit the spriggan with your staff of alchemy.
The spriggan hits you from afar with the +8 spear of Corpus Delicti!
* * * LOW HITPOINT WARNING * * *
The spriggan hits you but does no damage.
You take 17 damage, and have 9/69 hp.
MASSIVE DAMAGE!!
You hit the spriggan with your staff of alchemy.
The spriggan is severely wounded.
You hit the spriggan with your +3 hand axe of chaos.
You kill the spriggan!
The spriggan hits you from afar with the +8 spear of Corpus Delicti.
* * * LOW HITPOINT WARNING * * *
The +8 spear of Corpus Delicti {spect, rF+ rN+} closely misses you.
A +8 spear of Corpus Delicti {spect, rF+ rN+} comes into view.
You take 6 damage, and have 3/69 hp.
As you read the scroll of teleportation, it crumbles to dust.
You feel strangely unstable.
Aiming: Iceblast
Press: ? - help, Shift-Dir - straight line The mass of ice explodes!
The iceblast engulfs the +8 spear of Corpus Delicti {spect, rF+ rN+}!
The +8 spear of Corpus Delicti {spect, rF+ rN+} partially resists.
The spriggan shares its spectral weapon's damage!
The +8 spear of Corpus Delicti {spect, rF+ rN+} is moderately damaged.
The spriggan hits you from afar with the +8 spear of Corpus Delicti!!
You die...
Xom laughs nastily!

#.............#...............
#.............#......##.......
#...........#####....##.......
#...........#♣♣♣####..#.......
#...........#$.♣♣♣♣##.#.......
#...........##..♣.♣♣#.#.......
####...........ß#.....♣#.#.......
.....#+#####....#.(.♣. #.#.......
.....#(....#....@)♣!..♣#.#.......
.....#.....#....#♣i...♣###.......
.....#.....#...ß#..♣.♣♣###.....##
.....#.....'...##♣...♣ #.......##
.....#.....#)).#).♣♣♣♣##.........
######.....#.).#♣♣♣####.......>..
.....#.....+...#####.............
.....#.....#.....#...............
.....#.....#######......##.......


You could see a +8 spear of Corpus Delicti {spect, rF+ rN+} and a spriggan.

Vanquished Creatures
  Prince Ribbit (D:6)
  Sigmund (D:3)
  Eustachio (D:4)
  A spriggan (D:8)
  A steam dragon (D:7)
  Menkaure (D:4)
  A water moccasin (D:7)
  An ice beast (D:5)
  A black bear (D:8)
  2 sky beasts (D:7)
  3 ogres
  A wolf (D:8)
  A centaur (D:8)
  2 kobold brigands (D:6)
  2 bullfrogs
  6 scorpions
  2 howler monkeys
  A jelly (D:5)
  A hound (D:6)
  3 orc priests
  Crazy Yiuf (D:3)
  3 sleepcaps
  Ijyb (D:3)
  3 iguanas
  3 orc wizards
  Robin (D:3)
  4 adders
  3 white imps
  2 ribbon worms
  2 dart slugs
  29 orcs
  8 ball pythons
  4 bats
  5 endoplasms
  2 giant cockroaches
  9 goblins
  12 hobgoblins
  6 jackals
  13 kobolds
  2 quokkas
  6 rats
152 creatures vanquished.

Vanquished Creatures (collateral kills)
  An iguana (D:5)
  A sleepcap (D:5)
2 creatures vanquished.

Vanquished Creatures (others)
  A dart slug (D:6)
  A bat zombie (D:1)
  A kobold (D:6)
3 creatures vanquished.

Grand Total: 157 creatures vanquished

Notes
Turn   | Place    | Note
-------+----------+-------------------------------------------
     0 | D:1      | ezpacito the Coglin Chaos Knight began the quest for the
                  | Orb.
     0 | D:1      | Reached XP level 1. HP: 18/18 MP: 1/1
    21 | D:1      | Reached skill level 1 in Dodging
    46 | D:1      | Reached XP level 2. HP: 24/24 MP: 2/2
   140 | D:1      | Reached XP level 3. HP: 29/29 MP: 3/3
   141 | D:1      | XOM: silly message
   288 | D:1      | Found a faded altar of an unknown god.
   471 | D:1      | Got Cixtu Fuxo's Information on the Oath and Displacement
   756 | D:2      | Learned a level 2 spell: Cigotuvi's Dreadful Rot
   814 | D:2      | Reached XP level 4. HP: 26/35 MP: 4/4
  1633 | D:3      | XOM: silly message
  1655 | D:3      | Noticed Sigmund
  1669 | D:3      | XOM: divination: detect items
  1671 | D:3      | Killed Sigmund
  1672 | D:3      | Reached skill level 1 in Polearms
  1672 | D:3      | Reached skill level 1 in Stealth
  1672 | D:3      | Reached skill level 1 in Alchemy
  1672 | D:3      | Reached XP level 5. HP: 28/42 MP: 4/6
  1672 | D:3      | Reached XP level 6. HP: 32/48 MP: 4/7
  1796 | D:3      | Reached skill level 1 in Spellcasting
  1927 | D:3      | Found a runed translucent door.
  1928 | D:3      | Noticed Crazy Yiuf
  2107 | D:3      | Noticed Ijyb
  2107 | D:3      | Noticed Robin
  2123 | D:3      | Killed Ijyb
  2134 | D:3      | Killed Robin
  2170 | D:3      | XOM: silly message
  2199 | D:3      | XOM: god gift: pair of gloves {god gift}
  2232 | D:3      | XOM: noise
  2453 | D:3      | XOM: summons 1 hostile demon
  2540 | D:3      | Killed Crazy Yiuf
  2644 | D:4      | Reached XP level 7. HP: 54/54 MP: 8/8
  2745 | D:4      | Found a shadowy altar of Dithmenos.
  2821 | D:4      | Found a burning altar of Makhleb.
  2849 | D:4      | Reached skill level 1 in Evocations
  2910 | D:4      | Found a blossoming altar of Fedhas.
  3039 | D:4      | Noticed Menkaure
  3045 | D:4      | Killed Menkaure
  3193 | D:4      | XOM: summons 2 hostile shadow creatures
  3261 | D:4      | Noticed Eustachio
  3263 | D:4      | XOM: draining
  3266 | D:4      | XOM: polymorph white imp -> ufetubus
  3276 | D:4      | Killed Eustachio
  3277 | D:4      | Reached XP level 8. HP: 47/60 MP: 10/10
  3459 | D:4      | XOM: draining
  3499 | D:5      | Entered Level 5 of the Dungeon
  4022 | D:5      | Reached skill level 5 in Fighting
  4022 | D:5      | Reached skill level 5 in Axes
  4117 | D:5      | XOM: divination: magic mapping
  4401 | D:5      | XOM: god gift: fuming cyan potion {god gift}
  4450 | D:5      | Found a staircase to the Ecumenical Temple.
  4466 | Temple   | Found a transporter.
  4466 | Temple   | Found a transporter.
  4466 | Temple   | Found a transporter.
  4466 | Temple   | Found a transporter.
  4466 | Temple   | Entered the Ecumenical Temple
  4510 | D:5      | Found a sacrificial altar of Ru.
  4510 | D:5      | Found an opulent altar of Gozag.
  4510 | D:5      | Found a shimmering altar of Xom.
  4610 | D:6      | Noticed Prince Ribbit
  4624 | D:6      | Killed Prince Ribbit
  4625 | D:6      | Reached XP level 9. HP: 64/68 MP: 12/12
  4662 | D:6      | Found a glowing silver altar of Zin.
  4843 | D:6      | XOM: silly message
  4923 | D:6      | Found a snail-covered altar of Cheibriados.
  4923 | D:6      | XOM: 2-stop teleportation journey
  5086 | D:6      | Found a basalt altar of Yredelemnul.
  5173 | D:6      | Gained mutation: You occasionally lose the ability to read
                  | scrolls when taking damage. [potion of mutation]
  5173 | D:6      | Gained mutation: You are strong-willed. (Will+) [potion of
                  | mutation]
  5173 | D:6      | XOM: blink monster(s)
  5189 | D:6      | XOM: potion effect (heal wounds)
  5190 | D:6      | XOM: polymorph kobold brigand -> dart slug
  5356 | D:6      | XOM: god gift: staff of alchemy
  5417 | D:7      | XOM: 1-stop teleportation journey
  5782 | D:7      | XOM: smoke on damage
  6025 | D:7      | XOM: god gift: 14 gold pieces
  6387 | D:7      | Reached skill level 5 in Armour
  6461 | D:7      | XOM: god gift: dagger {god gift}
  6662 | D:8      | Found a broken altar of Ashenzari.
  6738 | D:8      | Found a stormy altar of Qazlal.
  6738 | D:8      | XOM: 6-stop teleportation journey
  6785 | D:8      | Found a runed translucent door.
  6786 | D:8      | Noticed soul19's ghost (novice DsSh)
  6787 | D:8      | Identified the +8 spear of Corpus Delicti {spect, rF+ rN+}
  7086 | D:8      | XOM: cloud trail
  7101 | D:8      | Reached skill level 1 in Necromancy
  7114 | D:8      | XOM: silly message
  7259 | D:8      | XOM: scenery: 1 doors open, 2 doors close
  7272 | D:8      | HP: 3/69 [spriggan/the +8 spear of Corpus Delicti {spect,
                  | rF+ rN+} (6)]
  7274 | D:8      | Demolished by a spriggan

Illustrated notes

Levels and vault maps discovered:
D:1:      roderic_crop_circles_arrival_small, layout_rooms,
          hellmonk_ecumenical_altar_dog_temple, grunt_decor_clamped,
          minmay_cupped
D:2:      layout_basic
D:3:      layout_loops_ring, serial_aquarium, aquarium_bridge_long_separate
          [aquarium_subvault_balcony, aquarium_subvault_bridge,
          aquarium_subvault_bridge, aquarium_subvault_window,
          aquarium_subvault_wall, aquarium_subvault_bridge],
          aquarium_window_fake, aquarium_window_1, aquarium_view_2a,
          nicolae_goblin_pals, uniq_crazy_yiuf_cottage, uniq_sigmund
D:4:      cheibrodos_old_hovel, layout_rooms,
          mainiacjoe_overflow_concentric_impassable, fedhas_altar_4,
          kennysheep_mini_moat, kennysheep_generic_room_14, uniq_menkaure,
          uniq_eustachio
D:5:      kb_forest_paths, layout_basic, gammafunk_temple_overflow_claw,
          minmay_temple_entry_glass, dreamdust_princess_corridor
D:6:      layout_rooms, mainiacjoe_overflow_alcove_1, cheibriados_altar_1,
          yredelemnul_altar_generic, minmay_unpleasant_kobolds,
          uniq_prince_ribbit1
D:7:      layout_loops_corners, minmay_misc_feat_rugged
D:8:      layout_gridville, cheibrodos_ashenzari_chains,
          mainiacjoe_overflow_boulevard, ebering_ghost_funeral_grove
Temple:   hellmonk_temple_divided_pantheon

Skill      XL: |  1  2  3  4  5  6  7  8  9 |
---------------+----------------------------+-----
Dodging        | 1 2 3 4 |  4.8
Armour         | 2 3 4 5 |  5.2
Polearms       | 1 2 3 |  3.2
Stealth        | 1 2 3 |  3.3
Alchemy        | 1 2 3 |  3.6
Spellcasting   | 1 2 |  2.6
Fighting       | 4 5 6 |  6.2
Axes           | 4 5 6 |  6.1
Evocations     | 1 2 3 |  3.9
Necromancy     | 1 |  1.3

Action                     |  1- 3 |  4- 6 |  7- 9 || total
---------------------------+-------+-------+-------++-------
  Melee: Hand axe          |    81 |    51 |   228 ||   360
         Dagger            |    77 |    11 |       ||    88
         Trident           |       |    60 |   250 ||   310
         Staff             |       |       |    26 ||    26
  Evoke: Wand              |       |       |     1 ||     1
    Use: Potion            |       |     4 |    10 ||    14
         Scroll            |       |       |    15 ||    15
   Stab: Sleeping          |     2 |       |     1 ||     3
         Petrifying        |       |     1 |       ||     1
         Distracted        |       |       |     1 ||     1
         Invisible         |       |       |     7 ||     7
         Confused          |       |       |     2 ||     2
 Armour: Leather armour    |    42 |       |       ||    42
         Chain mail        |       |    76 |   192 ||   268
         Steam dragon scal |       |       |    32 ||    32
  Dodge: Dodged            |    42 |    21 |   115 ||   178

Table legend: (Time is in decaauts)
 A = Elapsed time spent in this place.
 B = Non-inter-level travel time spent in this place.
 C = Inter-level travel time spent in this place.
 D = Time resting spent in this place.
 E = Time spent auto-exploring this place.
 F = Levels seen in this place.
 G = Mean time per level.
                   A        B        C        D        E       F      G
               +--------+--------+--------+--------+--------+-----+--------+
         Total |   7334 |   6947 |    387 |     43 |   5790 |   9 |  814.9 |
       Dungeon |   7332 |   6946 |    386 |     43 |   5790 |   8 |  916.5 |
        Temple |      1 |      1 |      0 |      0 |      0 |   1 |    1.0 |
               +--------+--------+--------+--------+--------+-----+--------+

Top non-repeatable levels by time:
     D:7: 1216 daAuts
     D:3: 1138 daAuts
     D:5: 1104 daAuts
     D:2: 923 daAuts
     D:4: 868 daAuts
     D:6: 830 daAuts
     D:8: 660 daAuts
     D:1: 590 daAuts
  Temple: 1 daAuts
